[Event "Sautron op 18th"]
[Site "Sautron "]
[Date "2018.10.20"]
[Round "4.11"]
[White "Duboue, Peio"]
[Black "Pulvett Marin, Daniel Eduardo"]
[Result "1/2-1/2"]
[ECO "B93"]
[WhiteElo "2399"]
[BlackElo "2472"]
[Annotator "Primel,D"]
[PlyCount "64"]
[EventDate "2018.10.20"]
[EventType "swiss"]
[EventRounds "9"]
[EventCountry "FRA"]
[SourceTitle "EXT 2021"]
[Source "ChessBase"]
[SourceDate "2020.10.23"]
[SourceVersion "1"]
[SourceVersionDate "2020.10.23"]
[SourceQuality "1"]
[TimeControl "40/5400+30:1800+30"]

1. e4 c5 2. Nf3 d6 3. d4 cxd4 4. Nxd4 Nf6 5. Nc3 a6 6. Nb3 {Une idée récente
assez surprenante lorsqu'on pense à toutes les siciliennes où les Noirs
jouent e5 pour décentraliser le Nd4 mais les résultats des Blancs sont assez
bons} g6 (6... Nbd7 7. g4 h6 8. a4 Qc7 9. Bg2 Ne5 10. h3 g5 $5 11. f4 gxf4 12.
Bxf4 Bg7 {Bartel,M (2623)-Ragger,M (2695) Bundesliga 1516 2015 (12.7) 1-0}) (
6... e5 {Le coup principal mais qui parait moins logique car le repli Nb3
renforce le contrôle de la case d5} 7. Bg5 $14 ) (6... e6 7. g4 $5
b5 8. Bg2 Bb7 9. g5 Nfd7 10. O-O Be7 11. f4 O-O 12. Qg4
$14 {Demchenko,A (2645)-Areshchenko,A (2652) FIDE World Cup 2017 (1.2) 1-0}) (
6... Nc6 $5 {Probablement le plus souple} 7. Be3 e6 {Transposant dans la
scheveningen avec l'idée de gagner de l'espace à l'aile-dame par a4a5} (7...
Ng4 8. Bd2 {Grischuk,A (2752)-Kokarev,D (2636) RUS-ch 69th Novosibirsk 2016 
(11) 1-0}) 8. a4 b6 9. Be2 Be7 10. O-O O-O 11. f4 Qc7 $132) 7.
Be2 Bg7 8. Be3 Nbd7 9. a4 $5 b6 10. f4 Bb7 11. Bf3 Qc7 12. O-O O-O 13. g4 $5 (
13. Qe2 Rac8) 13... Nc5 (13... Rfc8 14. Rf2 Ne8 15. Bd4 e5 16. fxe5 Nxe5 17.
Nd5 Bxd5 18. exd5 b5 19. c3 b4 20. cxb4 Rab8 21. Rc1 Qd7 22. Rxc8 Qxc8 23. Bxe5
Bxe5 24. Na5 Rxb4 25. Nc6 Qb7 26. Nxb4 Qxb4 27. Kh1 Nf6 28. g5 Qh4 29. Qf1 Qxg5
30. Qxa6 Qf4 31. Qc8+ Kg7 32. Qc2 Bd4 33. Rf1 {1/2-1/2 (33) Hort,V (2620)
-Pokojowczyk,J (2345) Polanica Zdroj 1977}) 14. a5 $146 (14. Nxc5 bxc5 15. Rb1
e6 16. g5 Nd7 17. f5 Be5 18. Qd2 gxf5 19. exf5 d5 20. Qg2 Nb6 21. f6 Nc4 22.
Bc1 Kh8 23. Qh3 Rg8 24. Be2 Nd6 25. Bd3 Ne4 26. Qh4 c4 27. Bxe4 dxe4 28. Be3
Rg6 29. Kf2 Rag8 30. Rg1 Qc6 31. Rg4 Bxf6 32. Rbg1 Be5 33. Nxe4 Qxa4 34. b3 Qa2
35. bxc4 Qxc2+ 36. Nd2 f5 37. gxf6 Qf5+ 38. Ke2 Rxg4 39. f7 Rg2+ {0-1 (39)
Majigsuren,D (2155)-Farago,S (2360) Budapest 1995}) 14... b5 15. e5 Nfd7 16. Nd5 Bxd5 17. Qxd5 Rac8 18. exd6 exd6 19. Nxc5 Nxc5 20.
c3 Na4 (20... Rfe8 $132 ) 21. Qd2 Qxa5 22. Bd1 $1 (22. b3 Bxc3
23. Qe2 Bxa1 24. Rxa1 Qb4 25. bxa4 Rfe8 ) 22... Rfe8 23. Bd4 $1
Bxd4+ 24. Qxd4 Qd8 25. Bxa4 bxa4 26. Rxa4 Re2 27. f5 $1 Qh4 $1 {[%cal Gh4h2] Empêche la menace f6 suivi de Qh6 tout en
attaquant} 28. Qxd6 g5 $5 29. Qg3 Qxg3+ 30. hxg3 Rxb2 $11 31. Rf2 Rb1+ 32. Kh2
Rxc3 1/2-1/2

[Event "Syre Memorial op 36th"]
[Site "Issy les Moulineaux"]
[Date "2013.05.09"]
[Round "3"]
[White "Lamorelle, Julien"]
[Black "Guliyev, Namig"]
[Result "0-1"]
[ECO "B93"]
[WhiteElo "2304"]
[BlackElo "2550"]
[Annotator "RR"]
[PlyCount "50"]
[EventDate "2013.05.08"]
[EventType "swiss"]
[EventRounds "7"]
[EventCountry "FRA"]
[SourceTitle "EXT 2015"]
[Source "ChessBase"]
[SourceDate "2014.11.20"]
[SourceVersion "1"]
[SourceVersionDate "2014.11.20"]
[SourceQuality "1"]
[TimeControl "40/5400+30:1200+30"]

1. e4 c5 2. Nf3 d6 3. d4 cxd4 4. Nxd4 Nf6 5. Nc3 a6 6. f4 e5 (6... e6) 7. Nf3 (
7. Nb3 Nbd7 8. Be3 Be7 9. Be2 O-O 10. O-O b5 11. a4 b4 12. Nd5 Bb7 13. Nxb4
Nxe4 14. Nd5 Nef6 15. Nxe7+ Qxe7 16. Na5 Be4 17. c4 {Sax,G (2513)-Vegh,E (2252)
Zalakaros op 30th 2011 (9) 0-1} (17. Qd2 Rfe8 18. fxe5 Nxe5 19. Bd4 Bg6 $13 {
Vegh})) 7... Qc7 (7... Nbd7) 8. Bd3 Be6 9. a4 Be7 10. O-O Nbd7 11. Kh1 (11. Qe1
exf4 12. Bxf4 Ne5 13. Kh1 O-O 14. Nxe5 dxe5 15. Bg5 Nh5 16. Bd2 Nf6 17. Qh4 Kh8
18. Bg5 Ng8 19. Nd5 Bxg5 20. Qxg5 Qd6 21. c4 Bxd5 22. exd5 Rae8 23. a5 e4 24.
Be2 Nf6 25. Ra3 h6 {Gomez,J (2515)-Sitanggang,S (2376) Jakarta 2011 1-0 (41)})
11... O-O 12. Be3 (12. Qe1 Rfe8 (12... Rac8)) 12... Rac8 $146 (12... exf4 13.
Bxf4 Ne5 14. Nxe5 dxe5 15. Bg5 Rfd8 16. Bxf6 Bxf6 {1/2-1/2 (16) Bottini,P 
(1908)-Agnello,G (2139) Siracusa 2006}) 13. Qe1 (13. f5 Bc4 $132) 13... Rfe8
14. Rd1 {Un coup pas trés utile et qui affaiblit la protection du P"a4"'} (14.
Qg3 Nh5) (14. f5 $142 Bc4 15. Nd2 Bxd3 16. cxd3 d5 $1 17. exd5 Bb4 18. Nde4
Nxe4 19. dxe4 Bxc3 20. bxc3 Qxc3 $11) (14. Nd2 Nc5 15. f5 Bd7
16. g4 $13) 14... Nc5 15. f5 {Profitant du fait que le GMI n'a plus la
réponse Bc4'} Bd7 $36 16. Qg3 Nxa4 17. Nd5 $6 Nxd5 18. Bh6 Bf8 19. exd5 f6 20.
Be4 Nxb2 21. Rb1 Bb5 22. Rfe1 Na4 23. h4 Nc3 24. Rb3 Nxe4 25. Rxe4 Qxc2 0-1